 Dungeon Crawl Stone Soup version 0.28-a0-998-gb9e9c7b67e (webtiles) character file.

Game seed: 3233496602234442443

56 horus123 the Poker (level 3, 0/31 HPs)
             Began as a Draconian Berserker on Dec 5, 2021.
             Was a Follower of Trog.
             Slain by a kobold (1 damage)
             ... on level 2 of the Dungeon.
             The game lasted 00:01:56 (1063 turns).

horus123 the Poker (Draconian Berserker)            Turns: 1063, Time: 00:01:57

Health: 0/31       AC:  6    Str: 21    XL:     3   Next: 71%
Magic:  3/3        EV: 12    Int:  7    God:    Trog [*.....]
Gold:   79         SH:  0    Dex: 10    Spells: 2/2 levels left

rFire   . . .      SeeInvis .   a - +0 spear
rCold   . . .      Faith    .   (no shield)
rNeg    . . .      Spirit   .   (armour unavailable)
rPois   .          Reflect  .   (helmet restricted)
rElec   .          Harm     .   b - +0 cloak
rCorr   .          Rampage  .   (no gloves)
Will    .....                   (no boots)
Stlth   +.........              (no amulet)
HPRegen 0.10/turn               (no ring)
MPRegen 0.08/turn               (no ring)

@: on berserk cooldown, slowed, very slow
A: AC +5, unfitting armour, cold-blooded
a: Renounce Religion, Berserk


You were on level 2 of the Dungeon.
You worshipped Trog.
Trog was aware of your devotion.
You visited 1 branch of the dungeon, and saw 2 of its levels.

You collected 79 gold pieces.

Inventory:

Hand Weapons
 a - a +0 spear (weapon)
Armour
 b - a +0 cloak (worn)
Scrolls
 c - a scroll of summoning {unknown}


   Skills:
 - Level 3.2 Fighting
 + Level 4.7 Polearms
 - Level 2.6 Dodging


You had 2 spell levels left.
You didn't know any spells.
Your spell library was empty.

Dungeon Overview and Level Annotations

Branches:
Dungeon (2/15)

Altars:


Innate Abilities, Weirdness & Mutations

Your plain brown scales are hard. (AC +5)
You cannot fit into any form of body armour.
You are cold-blooded and may be slowed by cold attacks.


Message History

Aim: a worm (lightly wounded, about 21% to evade your +0 spear)
You hit the worm.
The worm is heavily wounded.
The worm bites you.
Reach: a) +0 spear
Press: ? - help, Dir - move target, f/p - worm
Aim: a worm (heavily wounded, about 21% to evade your +0 spear)
You hit the worm.
The worm is heavily wounded.
An endoplasm comes into view.
The worm closely misses you.
Reach: a) +0 spear
Press: ? - help, Dir - move target, f/p - worm
Aim: a worm (heavily wounded, about 21% to evade your +0 spear)
The endoplasm quivers.
You hit the worm.
The worm is severely wounded.
Reach: a) +0 spear
Press: ? - help, Dir - move target, f/p - worm
Aim: a worm (severely wounded, about 21% to evade your +0 spear)
You hit the worm.
The worm is almost dead.
The worm bites you!
* * * LOW HITPOINT WARNING * * *
Reach: a) +0 spear
Press: ? - help, Dir - move target, f/p - worm
Aim: a worm (severely wounded, about 21% to evade your +0 spear)
You barely miss the worm. You tail-slap the worm.
You kill the worm!
Trog accepts your kill. The kobold barely misses you.
Unknown command.
Reach: a) +0 spear
Press: ? - help, Dir - move target, f - kobold
Aim: a kobold, wielding a +0 dagger of flaming and quivering stones (about 45% to evade your +0 spear)
You barely miss the kobold.
Your tail-slap misses the kobold.
The kobold hits you with a +0 dagger of flaming.
* * * LOW HITPOINT WARNING * * *
The kobold burns you.
You die...

..........###.#
......##.<##.#
..w...###.##.##
.....###...... ###
#.......#.... #..
#..........#. #.#
#........#.#.
#.####........#†#.
#@##.†.......##.#.
#K#..#.......#..#.
#K..##.......#.##.
#....J...###.#....[.>.
#................##.##.
#.........####.#.##.#
..........# #.#.....
........... .........
..........###.###......


You could see an endoplasm and 2 kobolds.

Vanquished Creatures
  3 adders (D:2)
  A worm (D:2)
  An endoplasm (D:1)
  A giant cockroach (D:1)
  A goblin (D:1)
  6 hobgoblins
  2 jackals (D:1)
  A kobold (D:1)
  2 quokkas (D:1)
  3 ball pythons
  3 frilled lizards
  A rat (D:2)
25 creatures vanquished.

Notes
Turn   | Place    | Note
-------+----------+-------------------------------------------
     0 | D:1      | horus123 the Draconian Berserker began the quest for the
                  | Orb.
     0 | D:1      | Reached XP level 1. HP: 19/19 MP: 1/1
   289 | D:1      | Reached XP level 2. HP: 26/26 MP: 2/2
   822 | D:1      | Reached skill level 4 in Polearms
   928 | D:2      | Reached XP level 3. HP: 22/31 MP: 3/3
  1063 | D:2      | HP: 1/31 [kobold (3)]
  1063 | D:2      | Slain by a kobold

Illustrated notes

Levels and vault maps discovered:
D:1:      dpeg_arrival_pits, layout_basic
D:2:      layout_rooms, chequers_ecumenical_altar_lobes, uniq_terence

Skill      XL: |  1  2 |
---------------+-------+-----
Polearms       | 4 |  4.7
Fighting       | |  3.2
Dodging        | |  2.6

Action                   || total
-------------------------++-------
Melee: Spear             ||   109
       Tailslap          ||    11
Invok: Berserk           ||     1
  Use: Scroll            ||     2
Armor: Skin              ||    25
Dodge: Dodged            ||    58

Table legend: (Time is in decaauts)
 A = Elapsed time spent in this place.
 B = Non-inter-level travel time spent in this place.
 C = Inter-level travel time spent in this place.
 D = Time resting spent in this place.
 E = Time spent auto-exploring this place.
 F = Levels seen in this place.
 G = Mean time per level.
                   A        B        C        D        E       F      G
               +--------+--------+--------+--------+--------+-----+--------+
         Total |   1059 |   1035 |     24 |     38 |    765 |   2 |  529.5 |
       Dungeon |   1059 |   1035 |     24 |     38 |    765 |   2 |  529.5 |
               +--------+--------+--------+--------+--------+-----+--------+

Top non-repeatable levels by time:
     D:1: 894 daAuts
     D:2: 164 daAuts
